 Dungeon Crawl Stone Soup version 0.23.1-37-gaa34b87b72 (webtiles) character file.

Game seed: 8286339194653937029

125362 PikkenKukken the Grappler (level 16, -14/142 HPs)
             Began as a Troll Earth Elementalist on Mar 26, 2019.
             Was a High Priest of Okawaru.
             Demolished by an Executioner (17 damage)
             ... created by the power of Zot
             ... while paralysed by the power of Zot
             ... on level 1 of the Spider Nest.
             The game lasted 01:33:05 (24789 turns).

PikkenKukken the Grappler (TrEE)                   Turns: 24789, Time: 01:33:05

Health: -14/142    AC: 13    Str: 26    XL:     16   Next: 41%
Magic:  19/19      EV:  1    Int: 15    God:    Okawaru [*****.]
Gold:   3274       SH:  0    Dex: 13    Spells: 15/21 levels left

rFire    . . .     SeeInvis .     - Unarmed
rCold    . . .     Gourm    +   Q - +1 shield {rPois}
rNeg     . . .     Faith    .   J - +0 troll leather armour
rPois    +         Spirit   .   P - +2 hat {MR+}
rElec    .         Reflect  .   O - scarf {repulsion}
rCorr    .         Harm     .   (gloves unavailable)
MR       +++..                  (boots unavailable)
Stlth    +++.......             r - amulet of magic regeneration
HPRegen  1.13/turn              S - +2 ring of protection
MPRegen  0.41/turn              k - +6 ring of strength

@: paralysed, heroism, very slightly contaminated, invisible, repel missiles
A: large, unfitting armour, claws 3, agile 1, fast metabolism 3, frail 1,
gourmand, magic resistance 1, regeneration 1, shaggy fur 1, tough skin 3
a: Heroism, Finesse, Renounce Religion


You were on level 1 of the Spider Nest.
You worshipped Okawaru.
Okawaru was extremely pleased with you.
You were very full.

You visited 4 branches of the dungeon, and saw 24 of its levels.
You also visited: Ossuary and Ice Cave.

You collected 3747 gold pieces.
You spent 473 gold pieces at shops.

Inventory:

Hand Weapons
 M - the +9 whip "Woeretir" {slash, MR+ Int-2 SInv}
   (You found it on level 10 of the Dungeon)

   It inflicts extra damage upon your enemies.
   It affects your intelligence (-2).
   It affects your resistance to hostile enchantments.
   It lets you see invisible.
Missiles
 b - 603 stones
 z - 2 tomahawks of returning
 H - 21 large rocks (quivered)
Armour
 o - a +2 robe of cold resistance
 I - a +2 robe of magic resistance
 J - a +0 troll leather armour (worn)
 K - a +2 robe of fire resistance
 O - a scarf of repulsion (worn)
 P - a +2 hat of magic resistance (worn)
 Q - a +1 shield of poison resistance (worn)
 R - a +0 hat of intelligence
Jewellery
 c - an uncursed ring of protection from cold
 i - an uncursed ring of magical power
 k - a +6 ring of strength (right claw)
 r - an amulet of magic regeneration (around neck)
 x - an uncursed ring of fire
 G - a +4 ring of intelligence
 S - a +2 ring of protection (left claw)
Wands
 g - a wand of flame (52)
 l - a wand of paralysis (5)
 y - a wand of iceblast (59)
 D - a wand of digging (9)
Scrolls
 h - 4 scrolls of fog
 m - 8 scrolls of teleportation
 p - a scroll of enchant armour
 q - 5 scrolls of fear
 s - 9 scrolls of remove curse
 v - 4 scrolls of blinking
 A - 8 scrolls of amnesia
 F - 3 scrolls of identify
 U - 4 scrolls of enchant weapon
Potions
 a - 5 potions of heal wounds
 e - 5 potions of haste
 f - 3 potions of ambrosia
 j - 2 potions of agility
 n - 7 potions of curing
 t - 4 potions of flight
 u - a potion of berserk rage
 w - 6 potions of brilliance
 E - 3 potions of mutation
 N - 4 potions of might
Comestibles
 d - 54 rations


   Skills:
 + Level 10.2(15.2) Fighting
 - Level 3.0(8.0) Maces & Flails
 - Level 8.3(13.3) Throwing
 - Level 4.0(9.0) Armour
 + Level 10.1(15.1) Dodging
 - Level 1.0(6.0) Stealth
 - Level 12.0(17.0) Shields
 + Level 13.7(18.7) Unarmed Combat
 - Level 3.0 Spellcasting
 - Level 2.0 Necromancy
 + Level 5.0 Transmutations
 + Level 6.7 Earth Magic
 - Level 3.0 Invocations


You had 15 spell levels left.
You knew the following spells:

 Your Spells              Type           Power        Failure   Level  Hunger
a - Animate Skeleton      Necr           N/A          10%         1    #......
b - Petrify               Tmut/Erth      ###.....     21%         4    #####..
c - Sandblast             Erth           ###...       1%          1    #......

Your spell library contained the following spells:

 Spells                   Type           Power        Failure   Level  Hunger
 Passwall                 Tmut/Erth      ###.....     3%          2    ##.....
 Stone Arrow              Conj/Erth      ##....       17%         3    ###....
 Apportation              Tloc           #.....       22%         1    #......
 Confusing Touch          Hex            #.....       22%         1    #......
 Corona                   Hex            #......      22%         1    #......
 Magic Dart               Conj           #...         22%         1    #......
 Summon Small Mammal      Summ           #...         22%         1    #......
 Blink                    Tloc           N/A          32%         2    ##.....
 Call Imp                 Summ           #.......     32%         2    ##.....
 Searing Ray              Conj           #.....       32%         2    ##.....
 Slow                     Hex            #.......     32%         2    ##.....
 Ignite Poison            Fire/Tmut/Pois #.......     32%         3    ###....
 Lee's Rapid Deconstruct  Erth           ###.......   36%         5    ######.
 Leda's Liquefaction      Hex/Erth       ##........   50%         4    #####..
 Confuse                  Hex            #.......     54%         3    ###....
 Conjure Flame            Conj/Fire      #.......     54%         3    ###....
 Dazzling Spray           Conj/Hex       #.....       54%         3    ###....
 Gell's Gravitas          Tloc           #.........   54%         3    ###....
 Inner Flame              Hex/Fire       #.......     54%         3    ###....
 Mephitic Cloud           Conj/Pois/Air  #.......     54%         3    ###....
 Portal Projectile        Hex/Tloc       #.....       54%         3    ###....
 Cause Fear               Hex            #.........   91%         4    #####..
 Force Lance              Conj/Tloc      #.......     91%         4    #####..
 Fulminant Prism          Conj/Hex       #.........   91%         4    #####..
 Iskenderun's Mystic Bla  Conj           #.......     91%         4    #####..
 Yara's Violent Unravell  Hex/Tmut       #.........   91%         5    ######.
 Fireball                 Conj/Fire      #.........   99%         5    ######.
 Metabolic Englaciation   Hex/Ice        #.........   99%         5    ######.
 Bolt of Fire             Conj/Fire      #.........   100%        6    #######
 Ring of Flames           Chrm/Fire      #.........   100%        7    #######
 Ignition                 Fire           #.........   100%        8    #######


Dungeon Overview and Level Annotations

Branches:
Dungeon (15/15)            Temple (0/1) D:4            Lair (6/6) D:11
 Shoals (0/4) Lair:4       Spider (1/4) Lair:3        Slime (0/5) Lair:6
    Orc (2/2) D:10            Elf (0/3) Orc:2        Vaults (0/5) D:13
 Depths (0/5) D:15

Altars:
Dithmenos
Fedhas
Kikubaaqudgha
Okawaru
Qazlal
Ru
Trog
Vehumet
The Shining One
Beogh
Jiyva

Shops:
D:4 :   D:6 *   D:11 [   D:13 [   D:14 [   Orc:2 %!(}

Annotations:
D:7 2 transporters
Spider:1 1 transporter


Innate Abilities, Weirdness & Mutations

You are too large for most types of armour.
You have claws for hands.
Your metabolism is lightning-fast.
You like to eat raw meat.
Your natural rate of healing is unusually fast.
You are covered in fur. (AC +1)
You have extremely tough skin. (AC +3)
You are agile. (Dex +2)
You are frail. (-10% HP)
You are resistant to hostile enchantments. (MR+)


Message History

* * * LOW HITPOINT WARNING * * *
The demonic crawler hits you but does no damage. x2
You hear a loud "Zot"! x2
The Executioner hits you but does no damage.
The Executioner hits you.
* * * LOW HITPOINT WARNING * * *
The Executioner hits you.
* * * LOW HITPOINT WARNING * * *
You hear a loud "Zot"!
The demonic crawler hits you.
* * * LOW HITPOINT WARNING * * *
The demonic crawler hits you but does no damage.
The demonic crawler hits you.
* * * LOW HITPOINT WARNING * * *
The Executioner hits you but does no damage. x3
The Executioner completely misses you.
The Executioner hits you but does no damage. x2
You hear a loud "Zot"! x2
The Executioner hits you!
You die...

##..........#...©.......##...#.
###..#...#############....##..
##........# ####### #.......#
#...##....# ####### #........
#.#.....#.# #$.$©$^=# ##..#.#..
###.......# #^?^(^(^# #.....##.
####.#.## #=.[.:/)# ##.)#..##
##....# ###+#+### ##...##
###.##.## ##2@s^^..# ##^##
##...#### #.1s.ss^^.# ###
#...^## ##.^^^^.^..# ##..#..#
##.#.....s.#. #...^..##
#^.#.......# ^ ##....#.#
##.#.#s#^#^#.# #.###..}#
##..^.^.^^^..## ##.....##
#^.##.#^#^##.^# #......#
##..^..^^.^..#


You could see a reaper, an Executioner, a demonic crawler, a wolf spider
(wandering), a tarantella (wandering) and 3 redbacks.

Vanquished Creatures
  Jorgrun (D:15)
  Frances (D:12)
  Gastronok (D:11)
  Kirke (Lair:4)
  Nessos (Lair:6)
  Josephine (Orc:2)
  11 hydras
  8 vault guards
  A rakshasa (D:15)
  2 catoblepae (Lair:6)
  4 two-headed ogres
  4 centaur warriors
  Erica (D:9)
  2 tengu warriors
  8 death yaks (Lair:6)
  17 slime creatures
  Sonja (D:12)
  4 skeletal warriors (D:14)
  A glowing orange brain (D:15)
  3 unseen horrors
  2 wizards
  2 necromancers
  A lindwurm (Lair:6)
  2 wolf spiders (Spider:1)
  11 ugly things
  A wolf spider zombie (D:14)
  Pikel (D:9)
  5 orc knights
  6 manticores
  An oklob plant (Lair:3)
  An orc sorcerer (Orc:1)
  3 cyclopes
  2 centaur zombies
  Maurice (D:8)
  8 elephants (Lair:6)
  4 black mambas
  Psyche (D:8)
  2 torpor snails (Lair:6)
  An ice statue (IceCv)
  A gargoyle (D:14)
  A spiny frog (shapeshifter) (D:15)
  8 spiny frogs
  6 rime drakes
  10 freezing wraiths (IceCv)
  2 kobold demonologists (D:12)
  7 komodo dragons
  A rime drake (shapeshifter) (D:13)
  An efreet (D:14)
  A jumping spider (Spider:1)
  5 tengu conjurers
  11 trolls
  A hornet (D:12)
  9 polar bears (Lair:6)
  2 wolf spider simulacra
  4 raiju (Lair:6)
  6 blink frogs
  13 hippogriffs
  A snapping turtle (Lair:4)
  2 meliai zombies
  3 dream sheep (Lair:6)
  A water elemental (D:11)
  15 redbacks
  3 tarantellas
  3 hogs (Lair:4)
  A vampire (D:14)
  Sigmund (D:5)
  A spriggan (D:9)
  7 wyverns
  5 wraiths
  42 yaks
  7 basilisks
  4 vampire mosquitoes (D:12)
  Edmund (D:5)
  20 wargs
  11 hell hounds (Lair:6)
  5 porcupines
  7 water moccasins
  3 slaves (D:9)
  32 orc warriors
  5 sky beasts
  12 ice beasts
  16 black bears
  2 eyes of draining
  7 ogres
  19 centaurs
  2 phantoms (D:5)
  33 wolves
  10 crocodiles
  2 elf zombies (Ossuary)
  3 big kobolds
  18 bullfrogs
  A wyvern zombie (D:13)
  A wyvern skeleton (D:13)
  4 scorpions
  An elephant simulacrum (IceCv)
  12 wights
  4 howler monkeys
  4 electric eels
  7 crimson imps
  5 draconian simulacra (IceCv)
  2 human zombies (Ossuary)
  6 bullfrog skeletons
  2 bullfrog zombies
  5 centaur skeletons
  5 jellies
  6 hounds
  19 orc priests
  16 orc wizards
  6 hell rats
  3 iguanas
  12 worker ants
  2 spriggan simulacra (IceCv)
  6 troll simulacra (IceCv)
  3 wolf simulacra
  6 yak simulacra (Lair:6)
  4 polar bear simulacra
  4 centaur simulacra (IceCv)
  A hound skeleton (D:4)
  2 mummies (Ossuary)
  A howler monkey zombie (D:8)
  10 gnolls
  13 adders
  2 naga simulacra (IceCv)
  An ogre simulacrum (IceCv)
  6 shadow imps
  12 white imps (IceCv)
  3 adder skeletons
  3 adder zombies
  3 worms
  2 dart slugs
  6 leopard geckos
  85 orcs
  6 giant cockroaches
  6 goblins
  10 hobgoblins
  15 jackals
  7 quokkas
  A ball python skeleton (D:6)
  7 bats
  6 frilled lizards
  A goblin zombie (Ossuary)
  5 hobgoblin zombies (Ossuary)
  A jackal zombie (Ossuary)
  22 kobolds
  12 kobold zombies (Ossuary)
  A leopard gecko skeleton (D:4)
  10 orc zombies (Ossuary)
  4 quokka skeletons
  2 quokka zombies
  7 rats
  3 rat zombies (Ossuary)
943 creatures vanquished.

Vanquished Creatures (collateral kills)
  A hydra (Lair:5)
  A two-headed ogre (D:13)
  A centaur skeleton (D:13)
  2 rime drakes (Lair:5)
  A hippogriff (Lair:5)
  A slime creature (D:12)
  A shadow (D:14)
  2 wyverns (Lair:5)
  A basilisk (Lair:5)
  2 hell hounds (Lair:6)
  3 wolves (Lair:6)
  A bullfrog (Lair:4)
  A scorpion (D:12)
  An orc priest (Orc:2)
  An orc wizard (Orc:2)
  9 orcs
29 creatures vanquished.

Vanquished Creatures (others)
  10 fungi
  12 plants (Lair:6)
22 creatures vanquished.

Grand Total: 994 creatures vanquished

Notes
Turn   | Place    | Note
-------+----------+-------------------------------------------
     0 | D:1      | PikkenKukken the Troll Earth Elementalist began the quest
                  | for the Orb.
     0 | D:1      | Reached XP level 1. HP: 16/16 MP: 1/1
   158 | D:1      | Reached XP level 2. HP: 22/26 MP: 2/2
   202 | D:1      | Reached skill level 1 in Unarmed Combat
   271 | D:1      | You fall through a shaft!
   306 | D:2      | Noticed an ogre
   643 | D:1      | Reached XP level 3. HP: 24/32 MP: 3/3
   920 | D:2      | Reached skill level 1 in Fighting
  1106 | D:2      | Reached skill level 2 in Unarmed Combat
  1126 | D:2      | Reached XP level 4. HP: 41/41 MP: 4/4
  1245 | D:2      | Reached skill level 1 in Throwing
  1575 | D:2      | Killed an ogre
  1575 | D:2      | Reached XP level 5. HP: 46/49 MP: 5/5
  1669 | D:3      | Reached skill level 3 in Unarmed Combat
  1721 | D:3      | Found an iron altar of Okawaru.
  1747 | D:3      | Became a worshipper of Warmaster Okawaru
  1815 | D:3      | Reached XP level 6. HP: 56/57 MP: 6/6
  1941 | D:3      | Found a glowing golden altar of the Shining One.
  1942 | D:3      | Found a stormy altar of Qazlal.
  1997 | D:3      | Found an ancient bone altar of Kikubaaqudgha.
  2172 | D:3      | Reached skill level 1 in Invocations
  2411 | D:4      | Reached * piety under Okawaru
  2491 | D:4      | Reached skill level 4 in Unarmed Combat
  2601 | D:4      | Reached XP level 7. HP: 66/66 MP: 7/7
  2674 | D:4      | Found a staircase to the Ecumenical Temple.
  2794 | D:4      | Found Sikhiet's Book Shop.
  2871 | D:4      | Found a sacrificial altar of Ru.
  3095 | D:5      | Entered Level 5 of the Dungeon
  3120 | D:5      | Found a blossoming altar of Fedhas.
  3206 | D:5      | Reached ** piety under Okawaru
  3206 | D:5      | Reached skill level 5 in Unarmed Combat
  3459 | D:5      | Reached XP level 8. HP: 52/75 MP: 8/8
  3692 | D:5      | Noticed Edmund
  3703 | D:5      | Killed Edmund
  3819 | D:5      | Noticed Sigmund
  3834 | D:5      | Killed Sigmund
  3834 | D:5      | Reached skill level 6 in Unarmed Combat
  4136 | D:6      | Found Mehiv's Assorted Antiques.
  4711 | D:6      | Reached *** piety under Okawaru
  4799 | D:6      | Reached skill level 7 in Unarmed Combat
  4799 | D:6      | Reached XP level 9. HP: 77/84 MP: 10/10
  5212 | D:7      | Found a transporter.
  5482 | D:7      | Found a transporter.
  5596 | D:8      | Received a gift from Okawaru
  5648 | D:8      | Reached skill level 8 in Unarmed Combat
  5653 | D:8      | Reached skill level 5 in Dodging
  5678 | D:8      | Found a sand-covered staircase.
  5687 | Ossuary  | Entered an ossuary
  5879 | Ossuary  | Reached skill level 5 in Throwing
  6105 | D:8      | Received a gift from Okawaru
  6105 | D:8      | Reached skill level 5 in Fighting
  6309 | D:8      | Reached XP level 10. HP: 80/96 MP: 8/11
  6358 | D:8      | Reached **** piety under Okawaru
  6501 | D:8      | Reached skill level 9 in Unarmed Combat
  6659 | D:8      | Noticed an orc warlord
  6802 | D:8      | Noticed Maurice
  6869 | D:8      | Killed Maurice
  6991 | D:8      | Noticed Psyche
  6995 | D:8      | Killed Psyche
  6996 | D:8      | Noticed an orc knight
  7006 | D:8      | Killed an orc knight
  7006 | D:8      | Reached skill level 10 in Unarmed Combat
  7201 | D:9      | Noticed Pikel
  7259 | D:9      | Killed Pikel
  7259 | D:9      | Reached ***** piety under Okawaru
  7341 | D:9      | Received a gift from Okawaru
  7365 | D:9      | Noticed Erica
  7371 | D:9      | Killed Erica
  7371 | D:9      | Reached XP level 11. HP: 99/105 MP: 9/12
  7510 | D:9      | Found a shadowy altar of Dithmenos.
  7832 | D:9      | Noticed a centaur warrior
  7838 | D:9      | Killed a centaur warrior
  8032 | D:10     | Entered Level 10 of the Dungeon
  8037 | D:10     | Reached skill level 11 in Unarmed Combat
  8311 | D:10     | Got an iridescent whip
  8312 | D:10     | Identified the +9 whip "Woeretir" {slash, MR+ Int-2 SInv}
                  | (You found it on level 10 of the Dungeon)
  8477 | D:10     | Found a staircase to the Orcish Mines.
  8648 | D:10     | Learned a level 4 spell: Petrify
  9075 | D:11     | Noticed a four-headed hydra
  9099 | D:10     | Killed a four-headed hydra
  9099 | D:10     | Received a gift from Okawaru
  9206 | D:11     | Found a staircase to the Lair.
  9206 | D:11     | Noticed Gastronok
  9235 | D:11     | Killed Gastronok
  9235 | D:11     | Received a gift from Okawaru
  9235 | D:11     | Received a gift from Okawaru
  9235 | D:11     | Reached skill level 12 in Unarmed Combat
  9235 | D:11     | Reached XP level 12. HP: 118/118 MP: 5/13
  9392 | D:11     | Learned a level 1 spell: Animate Skeleton
  9618 | D:11     | Reached skill level 1 in Necromancy
  9779 | D:11     | Found Fabatife's Antique Armour Shop.
  9790 | D:11     | Bought a runed shield for 135 gold pieces
 10164 | D:11     | Noticed a two-headed ogre
 10168 | D:11     | Killed a two-headed ogre
 10276 | Lair:1   | Entered Level 1 of the Lair of Beasts
 10572 | Lair:1   | Reached skill level 1 in Shields
 10607 | Lair:1   | Noticed an eight-headed hydra
 10615 | Lair:1   | Killed an eight-headed hydra
 11115 | Lair:2   | You fall through a shaft!
 11392 | Lair:2   | Noticed a seven-headed hydra
 11396 | Lair:2   | Killed a seven-headed hydra
 11419 | Lair:2   | Received a gift from Okawaru
 11864 | Lair:3   | Noticed a four-headed hydra
 11868 | Lair:3   | Killed a four-headed hydra
 12022 | Lair:3   | Noticed a four-headed hydra
 12029 | Lair:3   | Killed a four-headed hydra
 12029 | Lair:3   | Received a gift from Okawaru
 12038 | Lair:3   | Found a hole to the Spider Nest.
 12090 | Lair:3   | Found a radiant altar of Vehumet.
 12539 | Lair:3   | Reached XP level 13. HP: 127/127 MP: 13/16
 12654 | Lair:4   | Reached skill level 13 in Unarmed Combat
 12782 | Lair:4   | Found a staircase to the Shoals.
 13020 | Lair:4   | Reached skill level 5 in Shields
 13245 | Lair:4   | Noticed Kirke
 13254 | Lair:4   | Received a gift from Okawaru
 13263 | Lair:4   | Noticed a sphinx
 13263 | Lair:4   | Killed Kirke
 13400 | Lair:5   | Received a gift from Okawaru
 13941 | Lair:5   | Received a gift from Okawaru
 14220 | Lair:6   | Entered Level 6 of the Lair of Beasts
 14759 | Lair:5   | Received a gift from Okawaru
 14819 | Lair:5   | Reached skill level 10 in Shields
 14864 | Lair:5   | Reached XP level 14. HP: 60/136 MP: 14/17
 15306 | Lair:6   | Found a viscous altar of Jiyva.
 15307 | Lair:6   | Found a staircase to the Slime Pits.
 16272 | Lair:6   | Received a gift from Okawaru
 16479 | Lair:6   | Noticed Nessos
 16493 | Lair:6   | Reached skill level 1 in Maces & Flails
 16503 | Lair:6   | Killed Nessos
 16503 | Lair:6   | Received a gift from Okawaru
 16503 | Lair:6   | Reached skill level 1 in Armour
 16971 | Lair:6   | Received a gift from Okawaru
 17418 | Orc:1    | Entered Level 1 of the Orcish Mines
 17418 | Orc:1    | Found a frozen archway.
 17471 | Orc:1    | Found a roughly hewn altar of Beogh.
 17497 | IceCv    | Entered an ice cave
 17768 | IceCv    | Found an ancient bone altar of Kikubaaqudgha.
 17801 | IceCv    | Reached skill level 1 in Transmutations
 18580 | Orc:2    | Entered Level 2 of the Orcish Mines
 18619 | Orc:2    | Found a bloodstained altar of Trog.
 18637 | Orc:2    | Noticed Josephine
 18652 | Orc:2    | Killed Josephine
 18652 | Orc:2    | Reached XP level 15. HP: 94/145 MP: 18/18
 18944 | Orc:2    | Found a staircase to the Elven Halls.
 19191 | Orc:1    | Received a gift from Okawaru
 19727 | Orc:2    | Found Egeriaba's Antique Weapon Boutique.
 19727 | Orc:2    | Found Axuplime's Distillery.
 19729 | Orc:2    | Found Wask's Food Emporium.
 19731 | Orc:2    | Found Yti Nuo's Gadget Shop.
 19748 | Orc:2    | Bought a potion of mutation for 104 gold pieces
 19748 | Orc:2    | Bought a potion of haste for 130 gold pieces
 19748 | Orc:2    | Bought a potion of might for 52 gold pieces
 19748 | Orc:2    | Bought a potion of might for 52 gold pieces
 19748 | Orc:2    | Gained mutation: You are frail. (-10% HP) [potion of
                  | mutation]
 19748 | Orc:2    | Gained mutation: You are resistant to hostile enchantments.
                  | (MR+) [potion of mutation]
 19748 | Orc:2    | Gained mutation: You are agile. (Dex +2) [potion of
                  | mutation]
 19748 | Orc:2    | Gained mutation: Your mind is acute. (Int +2) [potion of
                  | mutation]
 20283 | D:12     | Noticed Sonja
 20291 | D:12     | Killed Sonja
 20552 | D:12     | Received a gift from Okawaru
 20555 | D:12     | Got a fine hat {god gift}
 20566 | D:12     | Identified the +1 hat of Biuqu {Stlth+} (Okawaru gifted it
                  | to you on level 12 of the Dungeon)
 20654 | D:12     | Noticed Frances
 20839 | D:12     | Killed Frances
 21086 | D:13     | Found Futiff's Antique Armour Shop.
 21366 | D:13     | Reached skill level 5 in Earth Magic
 21622 | D:13     | Found a gate to the Vaults.
 22190 | D:14     | Found Joun's Antique Armour Emporium.
 22281 | D:14     | Received a gift from Okawaru
 22344 | D:14     | Reached XP level 16. HP: 134/142 MP: 19/19
 22829 | D:15     | Entered Level 15 of the Dungeon
 23111 | D:15     | Reached skill level 10 in Fighting
 23284 | D:15     | Noticed Jorgrun
 23296 | D:15     | Killed Jorgrun
 23296 | D:15     | Reached skill level 10 in Dodging
 23876 | D:15     | Found a staircase to the Depths.
 24079 | Spider:1 | Entered Level 1 of the Spider Nest
 24303 | Spider:1 | Identified the +0 robe of the Storm King {rF+} (You found
                  | it on level 1 of the Spider Nest)
 24379 | Spider:1 | Reached skill level 5 in Transmutations
 24380 | Spider:1 | Found a transporter.
 24617 | Spider:1 | Found a transporter.
 24618 | Spider:1 | Found the +8 longbow "Zephyr" {speed, Dex+3 SInv}
 24778 | Spider:1 | Lost mutation: Your mind is acute. (Int +2) [the power of
                  | Zot]
 24785 | Spider:1 | Noticed an Executioner
 24786 | Spider:1 | Paralysed by the power of Zot for 5 turns
 24788 | Spider:1 | HP: 7/142 [demonic crawler (4)]
 24788 | Spider:1 | HP: 2/142 [demonic crawler (5)]
 24789 | Spider:1 | Demolished by an Executioner

Skill      XL: |  1  2  3  4  5  6  7  8  9 10 11 12 13 14 15 16 |
---------------+-------------------------------------------------+-----
Unarmed Combat | 1 2 3 4 5 7 8 10 12 13 | 13.7
Dodging        | 2 3 4 5 6 7 8 9 10 | 10.1
Fighting       | 1 2 3 4 5 6 7 8 9 10 | 10.2
Throwing       | 1 2 3 4 5 6 7 8 |  8.3
Invocations    | 1 2 3 |  3.0
Necromancy     | 2 |  2.0
Shields        | 4 10 12 | 12.0
Spellcasting   | 2 3 |  3.0
Maces & Flails | 3 |  3.0
Armour         | 3 4 |  4.0
Transmutations | 1 4 5 |  5.0
Earth Magic    | 3 5 6 |  6.7
Stealth        | |  1.0

Action                   |  1- 3 |  4- 6 |  7- 9 | 10-12 | 13-15 | 16-18 || total
-------------------------+-------+-------+-------+-------+-------+-------++-------
Melee: Unarmed           |   150 |   149 |   432 |   554 |  1511 |   309 ||  3105
       Punch             |       |     3 |    16 |    27 |       |       ||    46
Throw: Large rock        |     2 |    10 |    13 |    48 |   120 |    22 ||   215
       Stone             |       |       |     2 |     1 |    10 |       ||    13
       Tomahawk          |       |       |     3 |    14 |       |       ||    17
 Cast: Sandblast         |       |       |     4 |    11 |       |       ||    15
       Animate Skeleton  |       |       |       |       |    89 |     8 ||    97
       Petrify           |       |       |       |       |       |     1 ||     1
Invok: Heroism           |       |       |    11 |    31 |    58 |     9 ||   109
       Finesse           |       |       |       |     2 |       |     1 ||     3
Evoke: Wand              |       |       |     2 |     5 |    12 |       ||    19
  Use: Scroll            |     5 |     5 |    10 |     8 |     8 |     1 ||    37
       Potion            |       |       |       |     2 |     7 |     3 ||    12
 Stab: Sleeping          |     1 |       |       |       |     1 |     1 ||     3
       Paralysed         |       |       |     1 |       |     6 |       ||     7
       Distracted        |       |       |       |       |     4 |       ||     4
       Petrified         |       |       |       |       |       |     3 ||     3
  Eat: Chunk             |    16 |    14 |    34 |    50 |    84 |    13 ||   211
       Ration            |       |       |       |       |     5 |     3 ||     8
Armor: Robe              |    88 |    41 |   116 |    26 |       |       ||   271
       Troll leather arm |       |       |       |   119 |   328 |    63 ||   510
Dodge: Dodged            |    99 |    72 |   198 |   242 |   578 |   108 ||  1297
       Deflected         |       |       |       |     1 |    26 |     4 ||    31
Block: Shield            |       |       |       |    24 |   969 |   156 ||  1149
